 Dungeon Crawl Stone Soup version 0.25-a0-697-g890751e744 (webtiles) character file.

Game seed: 9760824669279866779, levelgen mode: deterministic

0 Esekla the Skirmisher (level 1, -23/18 HPs)
             Began as a Formicid Abyssal Knight on Apr 1, 2020.
             Was a Follower of Lugonu.
             Killed from afar by a yellow draconian annihilator (41 damage)
             ... with a poison arrow
             ... on level 1 of the Abyss.
             The game lasted 00:01:01 (84 turns).

Esekla the Skirmisher (Formicid Abyssal Knight)       Turns: 84, Time: 00:01:02

Health: -23/18     AC:  3    Str: 16    XL:     1   Next: 0%
Magic:  2/2        EV: 11    Int: 11    God:    Lugonu [*.....]
Gold:   0          SH:  0    Dex: 10    Spells: 0/0 levels left

rFire    . . .     SeeInvis +   a - +1 falchion
rCold    . . .     Gourm    .   (no shield)
rNeg     . . .     Faith    .   b - +0 leather armour
rPois    .         Spirit   .   (helmet unavailable)
rElec    .         Reflect  .   (no cloak)
rCorr    .         Harm     .   (no gloves)
MR       .....                  (no boots)
Stlth    +.........             (no amulet)
HPRegen  0.06/turn              (no ring)
MPRegen  0.08/turn              (no ring)

@: lethally poisoned (-23 -> -43)
A: permanent stasis, dig shafts and tunnels, four strong arms, antennae 3
a: Dig, Shaft Self, Depart the Abyss, Renounce Religion


You were on level 1 of the Abyss.
You worshipped Lugonu.
Lugonu was aware of your devotion.
You were not hungry.

You visited 0 branches of the dungeon, and saw 0 of its levels.
You visited the Abyss 1 time.

Inventory:

Hand Weapons
 a - a +1 falchion (weapon)
Armour
 b - a +0 leather armour (worn)
Potions
 d - a potion of heal wounds {unknown}
Comestibles
 c - a ration


   Skills:
 * Level 3.2 Fighting
 + Level 2.0 Long Blades
 + Level 2.1 Armour
 + Level 0.8 Dodging
 + Level 2.1 Invocations


You couldn't memorise any spells.
You didn't know any spells.
Your spell library was empty.

Dungeon Overview and Level Annotations

Branches:
Dungeon (0/15)

Altars:


Innate Abilities, Weirdness & Mutations

You cannot be hasted, slowed, berserked, paralysed or teleported.
You can dig through walls and to a lower floor.
Your four strong arms can wield two-handed weapons with a shield.
You have a pair of large antennae on your head. (SInv)


Message History

Welcome, Esekla the Formicid Abyssal Knight.
Will you prevail where others failed? Will you find the Orb of Zot?
Lugonu says: Depart the Abyss and spread corruption, my servant! (use the ability menu to exit the Abyss) Press ? for a list of commands and other information.
Found a corrupted altar of Lugonu.
Found a gateway leading out of the Abyss.
Found a lumpy cyan potion.
d - a lumpy cyan potion A tentacled starspawn comes into view.
A yellow draconian annihilator comes into view.
It is wielding a +1 short sword of electrocution.
Tentacles burst from the starspawn's body! 2 starspawn tentacles come into view.
A smoke demon comes into view.
The yellow draconian annihilator gestures at you while chanting.
The poison arrow hits you!!!
You are lethally poisoned!
Ouch! That really hurt!
You die...

#.#.# ##.#. {
#....### ..3{{
..... .###.#
.#.#q#. #...##
...#...# ##.#.#
......#.##....#
#.....#...#..
....#
..#.....#{##...#..
###.#@.#.#.w #.#
#.........#.#Xw#.#
#..##...#..#.#..##
### #..##....#...
....# .#..# #.
.##..# ##.#..
..#### #.. ...#


You could see a yellow draconian annihilator and a smoke demon.

Vanquished Creatures (others)
  2 starspawn tentacles (Abyss:1)
2 creatures vanquished.

Notes
Turn   | Place    | Note
-------+----------+-------------------------------------------
     0 | Abyss:1  | Esekla the Formicid Abyssal Knight began the quest for the
                  | Orb.
     0 | Abyss:1  | Reached XP level 1. HP: 18/18 MP: 2/2
    80 | Abyss:1  | Noticed a tentacled starspawn
    81 | Abyss:1  | Noticed a yellow draconian annihilator
    84 | Abyss:1  | Noticed a smoke demon
    84 | Abyss:1  | Killed from afar by a yellow draconian annihilator

Levels and vault maps discovered:
Abyss:1

Table legend:
 A = Non-vault XP
 B = Vault XP
 C = Vault XP percentage of total XP
 D = Non-vault monster count
 E = Vault monster count
 F = Vault count percentage of total count
                 A         B        C        D         E       F
            +---------+---------+-------+---------+---------+-------
      Total |       0 |       0 |   N/A |       0 |       0 |  -nan
            +---------+---------+-------+---------+---------+-------
            +---------+---------+-------+---------+---------+-------
